 Dungeon Crawl Stone Soup version 0.25-a0-246-g58704a1ebd (webtiles) character file.

Game seed: 13024240423992048647, levelgen mode: classic

136 Borgoz the Shield-Bearer (level 5, -5/33 HPs)
             Began as a Gargoyle Fighter on Dec 3, 2019.
             Slain by Sigmund
             ... wielding a +0 scythe
              (10 damage)
             ... on level 3 of the Dungeon.
             The game lasted 00:02:27 (1897 turns).

Borgoz the Shield-Bearer (Gargoyle Fighter)         Turns: 1897, Time: 00:02:28

Health: -5/33      AC: 11    Str: 25    XL:     5   Next: 19%
Magic:  5/5        EV:  7    Int:  8    God:
Gold:   171        SH: 10    Dex: 10    Spells: 4/4 levels left

rFire    . . .     SeeInvis .   a - +0 flail
rCold    . . .     Gourm    .   c - +0 shield
rNeg     + . .     Faith    .   b - +0 scale mail
rPois    ∞         Spirit   .   (no helmet)
rElec    +         Reflect  .   (no cloak)
rCorr    .         Harm     .   (no gloves)
MR       .....                  (no boots)
Stlth    ..........             (no amulet)
HPRegen  0.11/turn              (no ring)
MPRegen  0.09/turn              (no ring)

@: mighty
A: negative energy resistance 1, electricity resistance, unbreathing,
petrification resistance, rot immunity, AC +4
a: no special abilities


You were on level 3 of the Dungeon.
You were hungry.

You visited 1 branch of the dungeon, and saw 3 of its levels.

You collected 171 gold pieces.

Inventory:

Hand Weapons
 a - a +0 flail (weapon)
Armour
 b - a +0 scale mail (worn)
 c - a +0 shield (worn)
Jewellery
 q - an uncursed ring of positive energy {unknown}
Scrolls
 e - a scroll of magic mapping {unknown}
 g - 2 scrolls of random uselessness {unknown}
 h - 2 scrolls of identify {unknown}
 i - 2 scrolls of enchant armour {unknown}
 j - a scroll of amnesia {unknown}
 k - a scroll of remove curse {unknown}
 l - 2 scrolls of blinking {unknown}
 m - 3 scrolls of teleportation {unknown}
 u - a scroll of fear {unknown}
 v - 3 scrolls of enchant weapon {unknown}
Potions
 d - a potion of might
 n - a potion of curing {unknown}
 o - a potion of resistance {unknown}
 p - a potion of cancellation
 r - a potion of flight {unknown}
 s - a potion of brilliance {unknown}
 t - 2 potions of haste {unknown}
Comestibles
 f - 2 rations


   Skills:
 + Level 4.1 Fighting
 * Level 3.5 Maces & Flails
 + Level 4.0 Armour
 + Level 4.1 Shields


You had 4 spell levels left.
You didn't know any spells.
Your spell library was empty.

Dungeon Overview and Level Annotations

Branches:
Dungeon (3/15)

Altars:
Makhleb
Yredelemnul

Annotations:
D:3 Sigmund


Innate Abilities, Weirdness & Mutations

You are resistant to torment.
Your stone body is resilient. (AC +4)
You are immune to poison.
You resist negative energy. (rN+)
You are resistant to electric shocks. (rElec)
You can survive without breathing.
You are immune to petrification.
You are immune to rotting.


Message History

You bump into the rock wall.
The frilled lizard bites you but does no damage.
Something hits you but does no damage.
You bludgeon the frilled lizard!!
You kill the frilled lizard!
Something hits you!
* * * LOW HITPOINT WARNING * * *
Okay, then.
You bump into the rock wall.
You feel less confused.
Unknown command.
It was a potion of cancellation.
Your magical effects are unravelling.
You feel magically purged.
You feel a little less mighty now.
You feel very mighty all of a sudden. Something hits you.
* * * LOW HITPOINT WARNING * * *
You bludgeon something!! Something hits you!
You die...

.# .#
##.# #..#
###..##
#...:.
##...#
#....#
#.##@# #.
#..# ..
#.## #.
#.# # #.#
######
#.#
####....#
#[#
.....####
#.#
######
##.#


There were no monsters in sight!

Vanquished Creatures
  A hound (D:2)
  3 adders (D:2)
  An ooze (D:3)
  A worm (D:2)
  4 dart slugs
  3 leopard geckos
  A ball python (D:2)
  4 giant cockroaches
  12 goblins
  6 hobgoblins
  7 kobolds
  A quokka (D:2)
  5 bats
  5 frilled lizards
  8 rats
62 creatures vanquished.

Vanquished Creatures (others)
  5 toadstools (D:1)
5 creatures vanquished.

Grand Total: 67 creatures vanquished

Notes
Turn   | Place    | Note
-------+----------+-------------------------------------------
     0 | D:1      | Borgoz the Gargoyle Fighter began the quest for the Orb.
     0 | D:1      | Reached XP level 1. HP: 14/14 MP: 1/1
    77 | D:1      | You fall into a shaft and drop 1 floor!
    85 | D:2      | Reached XP level 2. HP: 14/19 MP: 2/2
   215 | D:2      | Reached XP level 3. HP: 17/23 MP: 3/3
   337 | D:2      | Found a basalt altar of Yredelemnul.
   517 | D:1      | Reached XP level 4. HP: 20/29 MP: 4/4
  1266 | D:2      | Found a burning altar of Makhleb.
  1278 | D:2      | Reached XP level 5. HP: 29/33 MP: 5/5
  1880 | D:3      | Noticed Sigmund
  1897 | D:3      | Slain by Sigmund

Levels and vault maps discovered:
D:1:      ldierk_walled_garden, layout_basic
D:2:      layout_basic, makhleb_blood_cavern_becter,
          nicolae_overflow_crystal_walls, grunt_ministairs_10
D:3:      layout_rooms, grunt_temple_overflow_opulence, serial_curves,
          eino_curves_03, eino_curves_04, eino_curves_04, uniq_sigmund

Skill      XL: |  1  2  3  4  5 |
---------------+----------------+-----
Maces & Flails | 3 |  3.5
Fighting       | 4 |  4.1
Shields        | 4 |  4.1
Armour         | 4 |  4.0

Action                   |  1- 3 |  4- 6 || total
-------------------------+-------+-------++-------
Melee: Flail             |   114 |   131 ||   245
  Use: Potion            |       |     3 ||     3
  Eat: Chunk             |       |     3 ||     3
Armor: Scale mail        |    71 |    88 ||   159
Dodge: Dodged            |    49 |    36 ||    85
Block: Shield            |    61 |    66 ||   127

Table legend:
 A = Non-vault XP
 B = Vault XP
 C = Vault XP percentage of total XP
 D = Non-vault monster count
 E = Vault monster count
 F = Vault count percentage of total count
                 A         B        C        D         E       F
            +---------+---------+-------+---------+---------+-------
      Total |     148 |      47 |  24.1 |      59 |       3 |   4.8
            +---------+---------+-------+---------+---------+-------
        D:1 |      50 |       0 |   0.0 |      28 |       0 |   0.0
        D:2 |      90 |      47 |  34.3 |      29 |       3 |   9.4
        D:3 |       8 |       0 |   0.0 |       2 |       0 |   0.0
            +---------+---------+-------+---------+---------+-------
